 Dungeon Crawl Stone Soup version 0.18.1-50-g88ac8fd (webtiles) character file.

28 Dfrag the Conjurer (level 3, 24/24 HPs)
             Began as a Demonspawn Conjurer on Feb 23, 2018.
             Quit the game on level 2 of the Dungeon.
             The game lasted 00:01:28 (763 turns).

Dfrag the Conjurer (Demonspawn Conjurer)             Turns: 763, Time: 00:01:29

Health: 24/24      AC:  2    Str:  8    XL:     3   Next: 0%
Magic:  6/6        EV: 12    Int: 17    God:
Gold:   28         SH:  0    Dex: 13    Spells: 1 memorised, 6 levels left

rFire  . . .     SeeInvis .     d - +0 dagger (venom)
rCold  . . .     Gourm    .     a - +0 robe
rNeg   . . .     Faith    .     (no shield)
rPois  .         Spirit   .     (helmet restricted)
rElec  .         Dismiss  .     (no cloak)
rCorr  .         Reflect  .     (no gloves)
SustAt .         Harm     .     (no boots)
MR     .....                    (no amulet)
Stlth  ++........               (no ring)
                                (no ring)

@: not resistant to hostile enchantments, unstealthy
A: horns 1, powered by pain 1
a: no special abilities


You were on level 2 of the Dungeon.
You were not hungry.

You visited 1 branch of the dungeon, and saw 2 of its levels.

You collected 28 gold pieces.

Inventory:

Hand Weapons
 d - a +0 dagger of venom (weapon)
Armour
 a - a +0 robe (worn)
Wands
 i - a wand of flame (22/48)
Scrolls
 e - a scroll of identify {unknown}
 h - a scroll of enchant armour {unknown}
 j - a scroll of teleportation {unknown}
 k - a scroll of remove curse {unknown}
 n - 2 scrolls of enchant weapon {unknown}
Potions
 f - a potion of haste {unknown}
 g - 2 potions of mutation {unknown}
 m - a potion of degeneration {unknown}
Books
 b - a book of Conjurations

   Spells                             Type                      Level
   a - Magic Dart                     Conjuration                  1
   b - Searing Ray                    Conjuration                  2
   c - Dazzling Spray                 Conjuration/Hexes            3
   d - Fulminant Prism                Conjuration/Hexes            4
   e - Iskenderun's Mystic Blast      Conjuration                  4
   f - Iskenderun's Battlesphere      Conjuration/Charms           5
 o - a Necronomicon

   Spells                             Type                      Level
   a - Haunt                          Necromancy/Summoning         7
   b - Borgnjor's Revivification      Necromancy                   8
   c - Death's Door                   Charms/Necromancy            8
   d - Necromutation                  Transmutation/Necromancy     8
Comestibles
 c - a bread ration
 l - a meat ration


   Skills:
 - Level 1.7 Dodging
 - Level 1.7 Stealth
 + Level 2.6 Spellcasting
 + Level 4.5 Conjurations


You had 6 spell levels left.
You knew the following spells:

 Your Spells              Type           Power        Failure   Level  Hunger
a - Magic Dart            Conj           ###.         2%          1    #......


Dungeon Overview and Level Annotations

Branches:
Dungeon (2/15)

Altars:


Innate Abilities, Weirdness & Mutations

You have a pair of small horns on your head.
You sometimes gain a little power by taking damage.


Message History

Confirm with . or Enter, or press ? or * to list all spells.
Aiming: Magic Dart
Press: ? - help, Shift-Dir - straight line, f - giant newt
Aim: a giant newt The magic dart hits the giant newt.
You kill the giant newt!
You have reached level 3!
Your experience leads to an increase in your attributes!
Increase (S)trength, (I)ntelligence, or (D)exterity?
You feel clever.
Your demonic ancestry asserts itself...
You feel energised by your suffering.
You see here a giant newt corpse.
n - 2 scrolls labeled QOCLOSKY XUEKI (gained 1)
You see here 6 needles of frenzy.
o - a Necronomicon
Found a stone staircase leading down.
As you open the door, it creaks loudly!
You hear a shout!
Found a white potion.
A bat comes into view.
Are you sure you want to abandon this character and quit the game? (Confirm with "yes".)

#...#
#.........###...######
#.........#...........
......b..#.##########
...!... #.# ..... #.#
... #.# #'# #.# #@#
#.####
#######.#####....#######
............+<.[........
########.####.....######
...........+..........#
########.###.....####.#
#####..######.....<#
#.........# #..###.#
#.........# #.(.....


You could see a bat.

Vanquished Creatures
  An ooze (D:1)
  A giant gecko (D:1)
  4 bats
  A giant cockroach (D:1)
  3 goblins (D:1)
  2 hobgoblins (D:1)
  2 kobolds (D:1)
  4 giant newts
  6 rats
24 creatures vanquished.

Notes
Turn   | Place    | Note
--------------------------------------------------------------
     0 | D:1      | Dfrag the Demonspawn Conjurer began the quest for the Orb.
     0 | D:1      | Reached XP level 1. HP: 13/13 MP: 3/3
   199 | D:1      | Gained mutation: You have a pair of small horns on your head. [demonic ancestry]
   199 | D:1      | Reached XP level 2. HP: 5/19 MP: 0/5
   659 | D:2      | Gained mutation: You sometimes gain a little power by taking damage. [demonic ancestry]
   659 | D:2      | Reached XP level 3. HP: 24/24 MP: 4/6
   763 | D:2      | Quit the game

Action                   || total
-------------------------++-------
Melee: Dagger            ||    15
       Headbutt          ||     1
 Cast: Magic Dart        ||    30
 Stab: Sleeping          ||     1
Dodge: Dodged            ||    12
